 Dungeon Crawl Stone Soup version 0.27.1-33-g824d729ab1 (webtiles) character file.

Game seed: 13379697338593190497

149 jlumianski the Grasshopper (level 5, 0/26 HPs)
             Began as a Spriggan Warper on Dec 30, 2021.
             Succumbed to a kobold brigand's poison
             ... on level 3 of the Dungeon.
             The game lasted 00:28:12 (4773 turns).

jlumianski the Grasshopper (Spriggan Warper)        Turns: 4773, Time: 00:28:13

Health: 0/26       AC:  2    Str:  7    XL:     5   Next: 9%
Magic:  10/10      EV: 18    Int: 14    God:
Gold:   171        SH:  0    Dex: 16    Spells: 1/9 levels left

rFire    . . .     SeeInvis +   s - +3 hunting sling
rCold    . . .     Faith    .   (shield restricted)
rNeg     . . .     Spirit   .   b - +0 robe
rPois    .         Reflect  .   (helmet restricted)
rElec    .         Harm     .   (no cloak)
rCorr    .         Rampage  .   (gloves unavailable)
Will     .....                  (boots unavailable)
Stlth    +++.......             (no amulet)
HPRegen  0.08/turn              (no ring)
MPRegen  0.12/turn              (no ring)

@: lethally poisoned (0 -> -2), very quick
A: very small, no large weapons, unfitting armour, see invisible, speed 3
a: no special abilities


You were on level 3 of the Dungeon.
You visited 1 branch of the dungeon, and saw 4 of its levels.

You collected 171 gold pieces.

Inventory:

Hand Weapons
 a - a +0 short sword
 m - a +0 whip
 s - a +3 hunting sling (weapon)
Missiles
 d - 5 boomerangs of dispersal
 h - 23 poisoned darts
 i - 2 sling bullets (quivered ammo)
 k - 79 stones
 l - 27 bolts
 r - 3 boomerangs
Armour
 b - a +0 robe (worn)
 j - a +0 robe
 q - a +0 ring mail
Jewellery
 e - an amulet of the acrobat
Scrolls
 c - a scroll of blinking
 g - 5 scrolls of identify {unknown}
 n - a scroll of noise {unknown}
 o - 2 scrolls of magic mapping {unknown}
 t - a scroll of fog {unknown}


   Skills:
 + Level 1.9 Fighting
 + Level 2.9 Short Blades
 + Level 1.8(2.4) Slings
 - Level 1.9(2.2) Throwing
 + Level 3.9 Dodging
 * Level 3.5 Stealth
 + Level 2.9 Spellcasting
 - Level 5.0 Translocations


You had one spell level left.
You knew the following spells:

 Your Spells              Type           Power      Damage    Failure   Level
a - Blink                 Tloc           N/A        N/A       4%          2
b - Teleport Other        Tloc           16%        N/A       9%          3
c - Gell's Gravitas       Tloc           8%         N/A       9%          3

Your spell library contained the following spells:

 Spells                   Type           Power      Damage    Failure   Level
 Lesser Beckoning         Tloc           8%         N/A       9%          3
 Manifold Assault         Tloc           16%        N/A       58%         5


Dungeon Overview and Level Annotations

Branches:
Dungeon (4/15)
 Temple: D:4-7

Altars:
Kikubaaqudgha
Makhleb
Sif Muna


Innate Abilities, Weirdness & Mutations

You are very small and have problems with some larger weapons.
You are too small for most types of armour.
You have supernaturally acute eyesight. (SInv)
You cover ground extremely quickly. (Speed+++)


Message History

The kobold brigand throws a poisoned dart.
The poisoned dart misses you.
Fire: 4 sling bullets
Press: ? - help, Q - select action, (/) - cycle Shift-Dir - straight line, f/p - kobold brigand
Aim: a kobold brigand, wielding a staff of conjuration and quivering poisoned darts (lightly wounded, 58% to hit)
You shoot a sling bullet.
The sling bullet hits the kobold brigand.
The kobold brigand is moderately wounded.
Fire: 3 sling bullets
Press: ? - help, Q - select action, (/) - cycle Shift-Dir - straight line, f/p - kobold brigand
Aim: a kobold brigand, wielding a staff of conjuration and quivering poisoned darts (moderately wounded, 58% to hit)
You shoot a sling bullet.
The sling bullet closely misses the kobold brigand.
The kobold brigand throws a poisoned dart.
The poisoned dart hits you!
You are poisoned.
You feel sick.
You feel sick.
You feel sick.
The kobold brigand throws a poisoned dart.
The poisoned dart hits you!
You are lethally poisoned!
You feel sick.
You feel sick.
You feel sick.
* * * LOW HITPOINT WARNING * * *
You feel sick.
* * * LOW HITPOINT WARNING * * *
You feel sick.
* * * LOW HITPOINT WARNING * * *
You feel sick.
* * * LOW HITPOINT WARNING * * *
You feel sick.
* * * LOW HITPOINT WARNING * * *
You feel sick.
* * * LOW HITPOINT WARNING * * *
You feel sick.
* * * LOW HITPOINT WARNING * * *
You feel sick.
You die...

.###...########
..)..........>#
...#...##.....#
...#...##.....#
...#...##.###.#
...#...##'###.####
......[.....#.<..#
.##.........#.##.#
.##.........#.##@#
.##.........#.##.#
.##.........#)##.#
..#.........#.##.#
............#.##.#
..#.........#.##.#
...###'##.###.##.#
#..###.##.# #.##.#
#)..##.##.# #.##.#


There were no monsters in sight!

Vanquished Creatures
  An orc wizard (D:3)
  4 gnolls
  An adder (D:2)
  2 worms (D:3)
  A dart slug (D:1)
  7 orcs (D:3)
  A bat (D:3)
  7 endoplasms
  2 giant cockroaches
  6 goblins
  3 hobgoblins
  6 kobolds
  6 quokkas
  3 ball pythons
  4 frilled lizards
  6 rats
  A spectral goblin (D:1)
61 creatures vanquished.

Notes
Turn   | Place    | Note
-------+----------+-------------------------------------------
     0 | D:1      | jlumianski the Spriggan Warper began the quest for the Orb.
     0 | D:1      | Reached XP level 1. HP: 10/10 MP: 5/5
   569 | D:2      | Reached XP level 2. HP: 14/14 MP: 6/6
  1382 | D:2      | Learned a level 2 spell: Blink
  1664 | D:2      | Reached XP level 3. HP: 18/18 MP: 8/8
  1810 | D:1      | Reached skill level 1 in Stealth
  1914 | D:1      | Found a faded altar of an unknown god.
  2522 | D:3      | Reached XP level 4. HP: 10/23 MP: 9/9
  2531 | D:3      | Learned a level 3 spell: Teleport Other
  2740 | D:3      | Found a shimmering blue altar of Sif Muna.
  2769 | D:3      | Noticed a kobold brigand
  3302 | D:3      | Reached skill level 1 in Slings
  3733 | D:3      | Learned a level 3 spell: Gell's Gravitas
  3904 | D:4      | Found an ancient bone altar of Kikubaaqudgha.
  3908 | D:4      | Found a burning altar of Makhleb.
  3913 | D:4      | Noticed a scorpion
  3979 | D:3      | Reached skill level 5 in Translocations
  4475 | D:3      | Reached XP level 5. HP: 9/26 MP: 10/10
  4771 | D:3      | HP: 1/26 [poisoned by a kobold brigand]
  4773 | D:3      | Succumbed to a kobold brigand's poison

Illustrated notes

Levels and vault maps discovered:
D:1:      dpeg_arrival_three_bigger_balls, layout_rooms,
          dreamdust_ecumenical_altar_drowned_temple
D:2:      layout_loops_corners, chequers_serial_rivers_small_b,
          due_unseen_surprise
D:3:      layout_basic, mainiacjoe_overflow_brackets, minmay_box_of_dots
D:4:      layout_layer_cave, grunt_temple_overflow_open, serial_shops,
          kennysheep_little_box, minmay_misc_feat_five, minmay_fire_ice_demons

Skill      XL: |  1  2  3  4 |
---------------+-------------+-----
Stealth        | 1 3 |  3.5
Slings         | 1 |  1.8
Translocations | 5 |  5.0
Fighting       | |  1.9
Short Blades   | |  2.9
Throwing       | |  1.9
Dodging        | |  3.9
Spellcasting   | |  2.9

Action                   |  1- 3 |  4- 6 || total
-------------------------+-------+-------++-------
Melee: Short sword       |    78 |    11 ||    89
 Fire: Hunting sling     |    22 |    82 ||   104
Throw: Dart              |    48 |       ||    48
       Stone             |     5 |       ||     5
 Cast: Blink             |       |     1 ||     1
  Use: Scroll            |     1 |       ||     1
       Potion            |       |     3 ||     3
 Stab: Sleeping          |     2 |     1 ||     3
Armor: Robe              |     9 |     1 ||    10
Dodge: Dodged            |    61 |    23 ||    84
